 Dungeon Crawl Stone Soup version 0.31-a0-963-ga325b2283a (webtiles) character file.

Game seed: 7003322000150081158

416 SacredBeard the Chopper (level 6, -2/57 HPs)
             Began as a Hill Orc Fighter on Oct 25, 2023.
             Killed from afar by an orc wizard (9 damage)
             ... with a puff of flame
             ... on level 4 of the Dungeon.
             The game lasted 00:06:41 (3033 turns).

SacredBeard the Chopper (Hill Orc Fighter)          Turns: 3033, Time: 00:06:43

Health: -2/57      AC:  5    Str: 21    XL:     6   Next: 92%
Magic:  6/6        EV: 10    Int:  8    God:
Gold:   34         SH:  4    Dex: 10    Spells: 5/5 levels left

rFire   . . .        f - +0 hand axe
rCold   . . .        c - +0 buckler
rNeg    . . .        m - +1 leather armour {rPois}
rPois   +            (no helmet)
rElec   .            (no cloak)
rCorr   .            g - +0 pair of gloves
SInv    .            (no boots)
Will    .....        (no amulet)
Stlth   +            (no ring)
HPRegen 0.29/turn    (no ring)
MPRegen 0.10/turn

%: no passive effects
@: no status effects
A: no striking features
a: no special abilities


You were on level 4 of the Dungeon.
You visited 1 branch of the dungeon, and saw 4 of its levels.

You collected 166 gold pieces.
You spent 132 gold pieces at shops.

Inventory:

Hand Weapons
 f - a +0 hand axe (weapon)
Missiles
 o - a throwing net
Armour
 c - a +0 buckler (worn)
 g - a +0 pair of gloves (worn)
 m - a +1 leather armour of poison resistance (worn)
Scrolls
 e - a scroll of enchant armour
 h - a scroll of vulnerability {unknown}
 i - 2 scrolls of identify
 j - a scroll of fear
 n - a scroll of amnesia {unknown}
Potions
 a - a potion of resistance
 b - a potion of cancellation
 d - a potion of might
 k - 2 potions of curing
 l - a potion of enlightenment


   Skills:
 - Level 6.0 Fighting
 * Level 6.8 Axes
 - Level 4.0 Armour
 - Level 4.0 Shields


You had 5 spell levels left.
You didn't know any spells.
Your spell library contained the following spells:

 Spells                   Type           Power      Damage    Failure   Level
 Wereblood                Tmut           0%         N/A       67%         2
 Gell's Gravitas          Tloc           0%         N/A       88%         3
 Teleport Other           Tloc           0%         N/A       88%         3
 Irradiate                Conj/Tmut      0%         3d11      100%        5
 Dispersal                Tloc           0%         N/A       100%        6


Dungeon Overview and Level Annotations

Branches:
Dungeon (4/15)
 Temple: D:4-7

Altars:
Dithmenos
Hepliaklqana
Qazlal

Shops:
D:3 ?*:


Message History

You barely miss something. The scorpion barely misses you.
Something hits you but does no damage.
You hit the scorpion.
The scorpion is severely wounded.
You miss something.
The scorpion stings you but does no damage.
You block something's attack.
You hit the scorpion but do no damage.
The scorpion is severely wounded.
You hit something.
The scorpion stings you but does no damage.
Something hits you.
* * * LOW HITPOINT WARNING * * *
You slash the scorpion!
You kill the scorpion!
You miss something.
An orc comes into view. It is wielding a +0 hand axe.
Something hits you but does no damage.
You miss something.
The orc shouts!
You hear some strange, mumbled words.
A magic dart appears from out of thin air!
The magic dart hits you.
* * * LOW HITPOINT WARNING * * *
You barely miss something. Something hits you but does no damage.
You miss something. Something hits you.
* * * LOW HITPOINT WARNING * * *
You hit something but do no damage. Something hits you.
* * * LOW HITPOINT WARNING * * *
You miss something. Something hits you.
* * * LOW HITPOINT WARNING * * *
You miss something. Something hits you but does no damage.
You hit something. Something hits you but does no damage.
You hit something. Something hits you but does no damage.
You hit something but do no damage. You hit the orc.
An orc wizard appears from thin air!
Reactivating autopickup.
The orc barely misses you.
The orc wizard points at you and mumbles some strange words.
The puff of flame hits you!
You die...

.....# #.#
.##..####.### #..
.##...##.... ...
.###...#..# #.#
.###.#.#..# ...
.....#....## #.#
.#######...## #.# #
.#
#....####†##.###.#
##
#..#...)o@........
#..#.#.##o....####
#..........>....).
...................
#####.#.##.##.#####
.....(....#
##.#.##.##.#
........ .. # #..


You could see an orc wizard and an orc.

Vanquished Creatures
  An ogre (D:3)
  A phantom (D:4)
  A scorpion (D:4)
  Jessica (D:3)
  2 orc wizards
  4 adders
  2 worms
  A dart slug (D:2)
  7 orcs
  5 bats
  2 endoplasms
  4 giant cockroaches
  8 goblins
  4 hobgoblins
  4 jackals (D:2)
  3 quokkas
  9 ball pythons
  3 frilled lizards
  13 kobolds
  4 rats
79 creatures vanquished.

Notes
Turn   | Place    | Note
-------+----------+-------------------------------------------
     0 | D:1      | SacredBeard the Hill Orc Fighter began the quest for the
                  | Orb.
     0 | D:1      | Reached XP level 1. HP: 19/19 MP: 1/1
   245 | D:1      | Reached XP level 2. HP: 27/27 MP: 2/2
   793 | D:2      | Reached XP level 3. HP: 25/33 MP: 3/3
   961 | D:2      | Found a faded altar of an unknown god.
  1002 | D:2      | Reached XP level 4. HP: 41/41 MP: 4/4
  1246 | D:2      | Found a hazy altar of Hepliaklqana.
  1865 | D:3      | Found Jeckuoq's Book Boutique.
  1923 | D:3      | Noticed Jessica
  1933 | D:3      | Killed Jessica
  1934 | D:3      | Reached XP level 5. HP: 29/47 MP: 5/5
  2061 | D:3      | Reached skill level 5 in Fighting
  2121 | D:3      | Found Ehyaddad's General Store.
  2145 | D:3      | Bought a scroll of identify for 22 gold pieces
  2145 | D:3      | Bought a potion of cancellation for 88 gold pieces
  2145 | D:3      | Bought a scroll of identify for 22 gold pieces
  2184 | D:3      | Noticed an ogre
  2195 | D:3      | Killed an ogre
  2196 | D:3      | Reached skill level 5 in Axes
  2196 | D:3      | Reached XP level 6. HP: 36/57 MP: 6/6
  2308 | D:3      | Found Paryjut's Magic Scroll Shoppe.
  2721 | D:3      | Found a stormy altar of Qazlal.
  2922 | D:4      | Found a shadowy altar of Dithmenos.
  3033 | D:4      | Killed from afar by an orc wizard

Illustrated notes

Levels and vault maps discovered:
D:1:      erik_arrival_triangle_medium, layout_loops_ring, minmay_hexomino_u4
D:2:      layout_loops_ring, basic_altar,
          hellmonk_ecumenical_altar_prayer_group, minmay_vboxes
D:3:      layout_basic, mainiacjoe_overflow_alcove_1, serial_shops,
          nicolae_shop_hallway_stairs, nicolae_shop_real_fake_doors, shop,
          uniq_jessica
D:4:      layout_basic, nicolae_dithmenos_through_a_glass_darkly, uniq_natasha

Skill      XL: |  1  2  3  4  5  6 |
---------------+-------------------+-----
Axes           | 3 4 5 6 |  6.8
Fighting       | 4 5 6 |  6.0
Armour         | 4 |  4.0
Shields        | 4 |  4.0

Action                     |  1- 3 |  4- 6 || total
---------------------------+-------+-------++-------
  Melee: War axe           |    16 |       ||    16
         Hand axe          |    74 |   183 ||   257
    Use: Scroll            |       |     5 ||     5
 Armour: Scale mail        |    46 |       ||    46
         Leather armour    |    12 |   113 ||   125
         Skin              |     1 |       ||     1
  Dodge: Dodged            |    40 |    89 ||   129
  Block: Buckler           |    25 |    38 ||    63

Table legend: (Time is in decaauts)
 A = Elapsed time spent in this place.
 B = Non-inter-level travel time spent in this place.
 C = Inter-level travel time spent in this place.
 D = Time resting spent in this place.
 E = Time spent auto-exploring this place.
 F = Levels seen in this place.
 G = Mean time per level.
                   A        B        C        D        E       F      G
               +--------+--------+--------+--------+--------+-----+--------+
         Total |   3067 |   3004 |     63 |      0 |   2375 |   4 |  766.8 |
       Dungeon |   3067 |   3004 |     63 |      0 |   2375 |   4 |  766.8 |
               +--------+--------+--------+--------+--------+-----+--------+

Top non-repeatable levels by time:
     D:3: 1190 daAuts
     D:2: 838 daAuts
     D:1: 786 daAuts
     D:4: 252 daAuts
